cohdb
Replays
Latest Replays
All Replays
Popular Replays
Top Player Replays
Match Explorer
How It Works
Community
CoH3 Stats
Reddit
Sign in to upload your games and track your stats! →
Sign in with Steam
Match 44647490
Unlisted
Match 44647490
Overview
Messages
Build Orders
End
Kradschützen Motorcycle Team
Panzergrenadier Squad
Selects Panzerjäger Kommand Battlegroup
Selects Mine Fields
Panzergrenadier Squad
Panzergrenadier Squad
Construct Light Support Kompanie
Fire Support Elements
Veteran Squad Leaders
Selects Defensive Positions
Flakvierling Half-track
Selects Tank Busters
Vehicle Survival Package
Panzerjäger Mechanized Group
Panzerjäger Squad
Selects Butterfly Bomb Drop
Construct Panzerarmee Kommand
Selects Crew Shock Tactics
Panzerjäger Mechanized Group
Panzer III L Medium Tank
Panzer III L Medium Tank
Butterfly Bomb Drop
Emergency Repair Kits
Selects Anti-tank Overwatch
Panzer III L Medium Tank
Tungsten Core Ammunition
Anti-tank Overwatch
Panzer III L Medium Tank
Panzer III L Medium Tank
Anti-tank Overwatch
Rapid Advance
Anti-tank Overwatch
Panzer III L Medium Tank
Construct Mechanized Kompanie
18-tonne Recovery Half-track
Butterfly Bomb Drop
Assault Mechanized Group
Anti-tank Overwatch
Panzer III L Medium Tank
Pak 38 Anti-tank Gun Team
MG34 Team
Crew Shock Tactics
Assault Mechanized Group
Butterfly Bomb Drop
Ted 'Seaman' Silk
Thomas Smooth
Macho Man Randy Savage
Grottenolm
0
0
Comments
sign in to comment!
No comments posted yet!